 Dungeon Crawl Stone Soup version 0.22.1-1-ga44c0e5 (webtiles) character file.

155 Yerrow the Grave Robber (level 5, -9/28 HPs)
             Began as a Deep Elf Necromancer on Oct 18, 2018.
             Mangled by a gnoll
             ... wielding a +0 flail
              (11 damage)
             ... on level 3 of the Dungeon.
             The game lasted 00:15:50 (3200 turns).

Yerrow the Grave Robber (Deep Elf Necromancer)      Turns: 3200, Time: 00:15:51

Health: -9/28      AC:  2    Str:  7 (10) XL:     5   Next: 14%
Magic:  15/15      EV: 13    Int: 19 (21) God:
Gold:   116        SH:  0    Dex: 14 (15) Spells: 7/16 levels left

rFire    + . .     SeeInvis .   (no weapon)
rCold    . . .     Gourm    .   (no shield)
rNeg     . . .     Faith    .   o - +0 robe (curse)
rPois    .         Spirit   .   (no helmet)
rElec    .         Reflect  .   (no cloak)
rCorr    .         Harm     .   (no gloves)
MR       .....                  (no boots)
Stlth    ++........             (no amulet)
HPRegen  0.09/turn              f - ring of protection from fire
MPRegen  0.14/turn              (no ring)

@: mighty
A: no striking features
a: no special abilities


You were on level 3 of the Dungeon.
You were not hungry.

You visited 1 branch of the dungeon, and saw 4 of its levels.

You collected 116 gold pieces.

Inventory:

Missiles
 i - 37 poisoned needles
 k - 66 stones (quivered)
 s - 2 poisoned tomahawks
Armour
 a - a +0 robe
 o - a cursed +0 robe (worn)
Jewellery
 f - a ring of protection from fire (left hand)
 l - an uncursed ring of fire
Wands
 m - a wand of flame (25)
Scrolls
 d - a scroll of magic mapping {unknown}
 g - 2 scrolls of amnesia
 j - a scroll of enchant armour {unknown}
 p - 4 scrolls of remove curse
 q - a scroll of identify {unknown}
Potions
 b - a potion of curing {unknown}
 e - 2 potions of lignification {unknown}
 h - 2 potions of flight {unknown}
 n - a potion of might
 r - a potion of degeneration
Comestibles
 c - 7 rations


   Skills:
 + Level 2.5 Dodging
 - Level 2.4 Stealth
 * Level 6.0 Spellcasting
 + Level 6.0 Necromancy


You had 7 spell levels left.
You knew the following spells:

 Your Spells              Type           Power        Failure   Level  Hunger
a - Pain                  Necr           ####         1%          1    None
b - Animate Skeleton      Necr           N/A          1%          1    None
c - Regeneration          Chrm/Necr      ###.......   10%         3    ##.....
d - Animate Dead          Necr           N/A          10%         4    ####...

Your spell library contained the following spells:

 Spells                   Type           Power        Failure   Level  Hunger
 Vampiric Draining        Necr           ####......   2%          3    ##.....


Dungeon Overview and Level Annotations

Branches:
Dungeon (4/15)
 Temple: D:4-7

Altars:
Fedhas
Wu Jian
Yredelemnul
The Shining One


Message History

The gnoll throws a stone.
The stone hits you.
A gnoll comes into view. It is wielding a flail.
The gnoll hits you! The gnoll hits you with a flail!
* * * LOW HITPOINT WARNING * * *
There is a stone staircase leading up, spattered with blood here.
You see here a stone.
The gnoll closely misses you.
The gnoll throws a stone.
The stone barely misses you. The gnoll closely misses you.
You climb upwards.
There is a stone staircase leading down here.
Okay, then.
Unknown command.
It was a potion of degeneration.
There was something very wrong with that liquid.
You feel weakened.
You feel dopey.
You feel clumsy. The gnoll hits you but does no damage.
It was a potion of might.
You feel very mighty all of a sudden. The gnoll hits you with a flail!
You die...

###############
#####..............
#......############
#......#
#......#### #####
#.@g......# #....
#g......#.# #.#..
#.......#.# #.#..
#.......#.# #.#..
#.......#.# #.#..
#.......#.# #.#..
#.........# #.#..
#.......#######.##.
#####.#.........##.


You could see 2 gnolls.

Vanquished Creatures
  5 gnolls
  An adder (D:3)
  2 oozes
  A worm (D:2)
  A dart slug (D:1)
  4 leopard geckos
  An orc (D:3)
  8 bats
  4 giant cockroaches
  3 goblins
  4 hobgoblins
  3 jackals
  5 kobolds
  3 quokkas (D:2)
  A frilled lizard (D:3)
  3 rats (D:2)
49 creatures vanquished.

Vanquished Creatures (collateral kills)
  A jelly (D:2)
  A gnoll (D:2)
  A hobgoblin (D:2)
3 creatures vanquished.

Vanquished Creatures (others)
  2 jackals (D:2)
2 creatures vanquished.

Grand Total: 54 creatures vanquished

Notes
Turn   | Place    | Note
-------+----------+-------------------------------------------
     0 | D:1      | Yerrow the Deep Elf Necromancer began the quest for the
                  | Orb.
     0 | D:1      | Reached XP level 1. HP: 10/10 MP: 6/6
    43 | D:1      | Reached skill level 5 in Necromancy
    57 | D:1      | Learned a level 1 spell: Animate Skeleton
   167 | D:1      | Reached XP level 2. HP: 12/15 MP: 5/8
  1066 | D:2      | Reached XP level 3. HP: 12/19 MP: 3/10
  1235 | D:2      | Reached XP level 4. HP: 8/24 MP: 2/12
  1410 | D:2      | Reached skill level 5 in Spellcasting
  1668 | D:2      | Found an ornate altar of the Wu Jian Council.
  1983 | D:2      | Found a glowing golden altar of the Shining One.
  1986 | D:2      | Noticed an angel
  2003 | D:2      | Learned a level 3 spell: Regeneration
  2008 | D:2      | Learned a level 4 spell: Animate Dead
  2037 | D:2      | Found a basalt altar of Yredelemnul.
  2052 | D:2      | Noticed a profane servitor
  2445 | D:3      | Found a blossoming altar of Fedhas.
  2895 | D:4      | Reached XP level 5. HP: 27/28 MP: 11/15
  2901 | D:4      | Noticed an ogre
  3200 | D:3      | Mangled by a gnoll

Skill      XL: |  1  2  3  4  5 |
---------------+----------------+-----
Necromancy     | 5 6 |  6.0
Spellcasting   | 4 5 6 |  6.0
Dodging        | |  2.5
Stealth        | |  2.4

Action                   |  1- 3 |  4- 6 || total
-------------------------+-------+-------++-------
Melee: Unarmed           |       |     1 ||     1
 Cast: Pain              |    48 |    58 ||   106
       Animate Skeleton  |    10 |    10 ||    20
       Animate Dead      |       |     1 ||     1
  Use: Scroll            |       |     2 ||     2
       Potion            |       |     2 ||     2
  Eat: Chunk             |     1 |     3 ||     4
       Ration            |       |     1 ||     1
Armor: Robe              |     4 |     3 ||     7
Dodge: Dodged            |     6 |    15 ||    21
